 Dungeon Crawl Stone Soup version 0.20-a0-792-g09bcfd3 (webtiles) character file.

2433 GlassEater the Cleaver (level 9, -1/79 HPs)
             Began as a Minotaur Monk on Mar 2, 2017.
             Was a Believer of Qazlal.
             Succumbed to a killer bee's poison
             ... on level 7 of the Dungeon.
             The game lasted 00:10:57 (5494 turns).

GlassEater the Cleaver (Minotaur Monk)              Turns: 5494, Time: 00:10:58

Health: -1/79      AC: 10    Str: 16    XL:     9   Next: 24%
Magic:  10/10      EV:  9    Int:  7    God:    Qazlal [**....]
Gold:   189        SH:  3    Dex: 16    Spells: 8/8 levels left

rFire    . . .     SeeInvis .   a - +1 hand axe
rCold    . . .     Gourm    .   y - +0 chain mail {rN+}
rNeg     + . .     Faith    .   (no shield)
rPois    .         Spirit   .   (helmet restricted)
rElec    .         Reflect  .   (no cloak)
rCorr    .         Harm     .   (no gloves)
MR       .....                  (no boots)
Stlth    ..........             k - amulet of regeneration
Regen    0.7/turn               (no ring)
MPRegen  0.2/turn               (no ring)

@: lethally poisoned (-1 -> -6)
A: retaliatory headbutt, horns 2
a: Upheaval, Renounce Religion


You were on level 7 of the Dungeon.
You worshipped Qazlal.
Qazlal was pleased with you.
You were very hungry.

You visited 2 branches of the dungeon, and saw 8 of its levels.
You also visited: Sewer.

You collected 189 gold pieces.

Inventory:

Hand Weapons
 a - a +1 hand axe (weapon)
Armour
 j - a +0 shield
 y - a +0 chain mail of positive energy (worn)
Jewellery
 k - an amulet of regeneration (around neck)
 u - an uncursed ring of fire
 C - an uncursed ring of positive energy {unknown}
Wands
 e - a wand of paralysis (9/24)
Scrolls
 f - 5 scrolls of teleportation
 g - 6 scrolls of remove curse
 p - 3 scrolls of amnesia {unknown}
 q - 3 scrolls of fear {unknown}
 x - a scroll of brand weapon {unknown}
Potions
 b - 2 potions of brilliance {unknown}
 d - a potion of resistance {unknown}
 h - 2 potions of agility
 i - a potion of lignification {unknown}
 m - 3 potions of flight
 s - 4 potions of heal wounds {unknown}
 v - a potion of haste {unknown}
 w - a potion of invisibility {unknown}
 z - a potion of mutation {unknown}
 A - a potion of cancellation {unknown}
 B - 2 potions of magic
Books
 r - a book of Minor Magic

   Spells                             Type                      Level
   a - Magic Dart                     Conjuration                  1
   b - Blink                          Translocation                2
   c - Call Imp                       Summoning                    2
   d - Slow                           Hexes                        2
   e - Conjure Flame                  Conjuration/Fire             3
   f - Mephitic Cloud                 Conjuration/Poison/Air       3
Comestibles
 c - 7 bread rations
 l - 3 meat rations
 n - 8 fruits
 t - 2 royal jellies


   Skills:
 + Level 7.1 Fighting
 + Level 10.3 Axes
 + Level 6.5 Armour
 + Level 5.0 Dodging
 - Level 1.5 Stealth
 + Level 1.4 Shields
 * Level 3.9 Invocations


You had 8 spell levels left.
You didn't know any spells.

Dungeon Overview and Level Annotations

Branches:
Dungeon (7/15)             Temple (1/1) D:5

Altars:
Cheibriados
Dithmenos
Elyvilon
Fedhas
Gozag
Hepliaklqana
Makhleb
Nemelex Xobeh
Okawaru
Qazlal
Ru
Sif Muna
Trog
Xom
Yredelemnul
The Shining One


Innate Abilities, Weirdness & Mutations

You reflexively headbutt those who attack you in melee.
You have a pair of horns on your head.


Message History

You block the killer bee's attack.
You slash the killer bee!
You kill the killer bee!
Qazlal accepts your kill.
You feel sick.
Unknown command.
You hit the ogre. You headbutt the ogre.
The ogre is moderately wounded.
You feel sick. The ogre closely misses you.
You closely miss the ogre.
The ogre is moderately wounded.
You feel sick.
You hit the ogre.
The ogre is moderately wounded.
You feel sick.
The ogre hits you with a giant spiked club!
* * * LOW HITPOINT WARNING * * *
You hit the ogre. Your headbutt misses the ogre.
The ogre is heavily wounded.
You die...

#.##..####..###
#.<.## ##..#
#...## #..## ...
#...# #..# ..
#..#.# ##.## ..#
#..##.# ##..#
..# #.##..#
#...# ..#
.###..###...#
#..# ##
#........@###..#
##.######†O....#
###....#
###......
......# #...###
...# ...# ....


You could see an ogre.

Vanquished Creatures
  Eustachio (D:5)
  Menkaure (D:5)
  Edmund (D:4)
  A water moccasin (D:5)
  Duvessa (D:3)
  An ogre (D:5)
  A centaur (D:5)
  8 big kobolds (Sewer)
  3 bullfrogs
  Dowan (D:3)
  5 killer bees (D:7)
  A crimson imp (D:5)
  A jelly (D:7)
  An orc priest (D:4)
  5 orc wizards
  4 worker ants
  An iguana (D:4)
  Robin (D:3)
  A howler monkey skeleton (D:6)
  9 adders
  4 river rats
  7 oozes
  An adder skeleton (D:4)
  7 worms
  3 dart slugs
  6 leopard geckos
  14 orcs
  6 ball pythons
  8 bats
  3 giant cockroaches
  20 goblins
  7 hobgoblins
  4 jackals
  2 quokkas
  12 kobolds
  13 rats
165 creatures vanquished.

Notes
Turn   | Place    | Note
-------+----------+-------------------------------------------
     0 | D:1      | GlassEater the Minotaur Monk began the quest for the Orb.
     0 | D:1      | Reached XP level 1. HP: 19/19 MP: 0/0
   318 | D:1      | Reached XP level 2. HP: 27/27 MP: 1/1
   421 | D:1      | Reached skill level 4 in Axes
   704 | D:1      | Reached XP level 3. HP: 33/33 MP: 2/2
   706 | D:1      | Reached skill level 1 in Armour
  1532 | D:3      | Noticed Robin
  1535 | D:3      | Reached XP level 4. HP: 40/40 MP: 3/3
  1633 | D:3      | Reached skill level 5 in Axes
  1649 | D:3      | Killed Robin
  2101 | D:3      | Found a bloodstained altar of Trog.
  2101 | D:3      | Found a deep blue altar of Sif Muna.
  2101 | D:3      | Found an iron altar of Okawaru.
  2103 | D:3      | Found a hazy altar of Hepliaklqana.
  2111 | D:3      | Reached XP level 5. HP: 46/46 MP: 4/4
  2524 | D:4      | Noticed Dowan
  2525 | D:4      | Noticed Duvessa
  2596 | D:3      | Killed Duvessa
  2596 | D:3      | Reached skill level 6 in Axes
  2596 | D:3      | Reached XP level 6. HP: 42/53 MP: 5/5
  2608 | D:3      | Killed Dowan
  2681 | D:4      | Found a glowing golden altar of the Shining One.
  2719 | D:4      | Reached skill level 5 in Fighting
  2771 | D:4      | Noticed Menkaure
  2778 | D:5      | Entered Level 5 of the Dungeon
  2883 | D:5      | Found a staircase to the Ecumenical Temple.
  2889 | Temple   | Entered the Ecumenical Temple
  2903 | Temple   | Became a worshipper of Qazlal Stormbringer
  2903 | Temple   | Reached * piety under Qazlal
  2903 | Temple   | Reached ** piety under Qazlal
  2919 | D:5      | Reached skill level 7 in Axes
  2919 | D:5      | Reached XP level 7. HP: 41/61 MP: 6/6
  2962 | D:5      | Noticed Eustachio
  2984 | D:5      | Killed Eustachio
  2984 | D:5      | Reached skill level 1 in Invocations
  3649 | D:6      | Found a glowing drain.
  3683 | Sewer    | Entered a sewer
  3707 | Sewer    | Reached skill level 8 in Axes
  3724 | Sewer    | Reached skill level 5 in Armour
  3735 | Sewer    | Reached XP level 8. HP: 33/70 MP: 8/8
  3791 | Sewer    | Reached skill level 1 in Shields
  3840 | Sewer    | Reached skill level 9 in Axes
  4301 | D:4      | Noticed Edmund
  4303 | D:4      | Reached *** piety under Qazlal
  4347 | D:4      | Killed Edmund
  4727 | D:5      | Killed Menkaure
  4814 | D:7      | Reached XP level 9. HP: 62/79 MP: 10/10
  5156 | D:6      | Found a white marble altar of Elyvilon.
  5165 | D:6      | Reached skill level 10 in Axes
  5203 | D:6      | Found a sacrificial altar of Ru.
  5475 | D:7      | Reached skill level 5 in Dodging
  5493 | D:7      | HP: 1/79 [ogre/giant spiked club (12)]
  5494 | D:7      | Succumbed to a killer bee's poison

Vault maps used:
D:1:      sevenhm_arrival_forest_fort_small_4, minmay_pentomino_t4
D:2:      first_bread
D:3:      chequers_temple_overflow_statue_of_worship, kennysheep_generic_room_9,
          uniq_robin
D:4:      lemuel_crystal_altar, uniq_edmund, uniq_duvessa, uniq_menkaure
D:5:      minmay_temple_entry_metal_lava, uniq_eustachio
D:6:      lemuel_doored_altar, portal_sewer_entry_a, enter_ossuary_5,
          hangedman_ru_absence
D:7:      lemuel_crystal_altar
Temple:   nicolae_temple_x_marks_the_god
Sewer:    sewer_co_tree

Skill      XL: |  1  2  3  4  5  6  7  8  9 |
---------------+----------------------------+-----
Axes           | 4 5 6 7 8 9 10 | 10.3
Fighting       | 4 5 7 |  7.1
Armour         | 2 3 4 5 6 |  6.5
Dodging        | 4 5 |  5.0
Invocations    | 2 3 |  3.9
Shields        | 1 |  1.4
Stealth        | |  1.5

Action                   |  1- 3 |  4- 6 |  7- 9 || total
-------------------------+-------+-------+-------++-------
Melee: Hand axe          |    89 |    99 |   265 ||   453
       Headbutt          |    17 |    28 |    59 ||   104
Invok: Upheaval          |       |       |     2 ||     2
       Elemental Force   |       |       |     1 ||     1
  Use: Scroll            |       |     7 |     4 ||    11
       Potion            |       |       |     2 ||     2
 Stab: Sleeping          |     1 |       |       ||     1
  Eat: Chunk             |     2 |     4 |     8 ||    14
Armor: Ring mail         |    36 |    36 |    75 ||   147
       Robe              |     1 |       |       ||     1
       Chain mail        |       |       |    24 ||    24
Dodge: Dodged            |    65 |    78 |   175 ||   318
Block: Other             |       |       |    27 ||    27
